Map: Overgrown Facility

Players

Bloop

  • Race: Protoss Protoss
  • Spawn Location: 3:00

Icrywenbonin

  • Race: Terran Terran
  • League: Platinum
  • Spawn Location: 1:00

MonstroTown - Winner!

  • Race: Terran Terran
  • Spawn Location: 7:00

Michael - Winner!

  • Race: Zerg Zerg
  • Spawn Location: 9:00

VOD

Have the link to the VOD?

Description

Time

  • Played on: Sept. 2, 2018, 7:08 p.m.
  • Length: 12:30
Show
View Real Time Build Order
Export as new Build Order

Bloop Protoss 

Build Orders: 1 Gate Expand 

Get SALT Encoding   

  1  0:00  Probe  
  12  0:06  Probe  
  14  0:22  Pylon  
  14  0:23  Probe  
  15  0:38  Assimilator  
  15  0:40  Probe  
  16  0:48  Gateway  
  16  1:21  Nexus  
  16  1:22  Probe  
  17  1:35  Cybernetics Core  
  17  1:39  Probe  
  17  1:44  Zealot  
  20  1:55  Gateway  
  20  1:59  Assimilator  
  20  2:16  Pylon  
  20  2:23  Probe  
  20  2:31  Probe  
  21  2:53  Probe  
  21  2:57  Adept  
  24  3:01  Adept  
  26  3:05  Probe  
  26  3:07  Warp Gate  
  26  3:09  Probe  
  27  3:17  Probe x2  
  30  3:30  Probe  
  31  3:37  Stargate  
  31  3:46  Robotics Facility  
  31  3:47  Assimilator  
  31  3:48  Probe  
  32  3:56  Probe x2  
  34  4:08  Stalker  
  36  4:12  Stalker  
  36  4:15  Probe  
  38  4:19  Void Ray  
  38  4:24  Probe  
  44  4:32  Probe  
  45  4:40  Probe  
  46  4:53  Pylon  
  46  5:04  Pylon  
  46  5:11  Immortal, Probe  
  51  5:17  Twilight Council  
  51  5:20  Gateway  
  51  5:23  Probe  
  51  5:28  Shield Battery  
  52  5:31  Stalker  
  52  5:32  Gateway  
  54  5:37  Probe, Stalker  
  54  5:41  Probe  
  57  5:45  Probe  
  57  5:49  Probe  
  59  5:53  Charge  
  60  5:57  Zealot  
  62  6:06  Pylon  
  62  6:11  Shield Battery  
  62  6:15  Forge  
  62  6:24  Void Ray  
  66  6:30  Observer  
  63  7:05  Assimilator  
  63  7:12  Probe  
  63  7:14  Phoenix  
  66  7:16  Stalker  
  66  7:17  Stalker  
  70  7:30  Pylon  
  70  7:32  Pylon  
  70  7:41  Nexus  
  70  7:45  Probe  
  70  7:47  Pylon  
  70  7:48  Immortal, Probe  
  70  7:51  Pylon  
  76  7:53  Probe  
  77  8:00  Probe, Phoenix  
  77  8:04  Zealot x2  
  77  8:05  Zealot  
  86  8:07  Zealot  
  88  8:16  Protoss Shields Level 1  
  88  8:21  Probe  
  88  8:25  Photon Cannon  
  89  8:28  Photon Cannon  
  89  8:29  Probe  
  90  8:34  Photon Cannon  
  90  8:37  Probe  
  90  8:41  Immortal  
  95  8:50  Void Ray  
  99  8:57  Pylon  
  99  9:03  Photon Cannon  
  99  9:08  Probe  
  100  9:10  Photon Cannon  
  100  9:11  Probe  
  101  9:18  Photon Cannon  
  101  9:23  Probe  
  102  9:32  Immortal  
  102  9:34  Protoss Air Weapons Level 1  
  102  9:35  Probe  
  107  9:38  Void Ray  
  111  9:47  Probe  
  112  9:59  Probe  
  113  10:13  Stalker x2  
  117  10:14  Stalker x2  
  117  10:17  Blink  
  117  10:19  Immortal  
  125  10:25  Stargate  
  125  10:33  Pylon  
  125  10:35  Pylon  
  125  10:40  Assimilator  
  125  10:42  Assimilator  
  125  10:45  Pylon  
  125  10:47  Pylon  
  125  10:51  Probe  
  125  10:54  Phoenix  
  128  11:01  Immortal  
  128  11:03  Zealot x2, Probe  
  128  11:04  Zealot x2  
  139  11:11  Probe  
  142  11:21  Phoenix  
  142  11:23  Probe  
  145  11:28  Gateway  
  145  11:29  Gateway  
  145  11:30  Gateway  
  143  11:35  Gateway  
  72  11:56  Stalker  
  72  11:58  Stalker x2  
  72  11:59  Stalker  
Show
View Real Time Build Order
Export as new Build Order

Icrywenbonin Terran 

Build Orders:  

Get SALT Encoding   

  12  0:01  SCV  
  13  0:13  SCV  
  14  0:20  Supply Depot  
  14  0:25  SCV  
  15  0:42  SCV  
  16  0:43  Barracks  
  16  0:51  Refinery  
  16  0:54  SCV  
  17  1:04  Barracks  
  17  1:08  SCV  
  18  1:16  Refinery  
  18  1:20  SCV  
  19  1:33  Orbital Command  
  19  1:36  Reaper  
  20  1:55  Supply Depot  
  20  1:58  SCV  
  21  2:02  Reaper  
  22  2:09  Reaper  
  23  2:24  SCV  
  24  2:34  Reaper  
  25  2:39  Command Center  
  25  2:41  Reaper  
  26  3:00  SCV  
  26  3:05  Factory  
  27  3:06  Reaper  
  27  3:12  SCV  
  29  3:23  Supply Depot  
  29  3:24  Engineering Bay, SCV, Supply Depot  
  30  3:36  SCV  
  28  3:48  SCV  
  28  3:53  Marine x2  
  30  4:02  Orbital Command  
  29  4:08  Factory Tech Lab  
  29  4:11  Starport  
  29  4:15  SCV  
  30  4:26  Terran Infantry Weapons Level 1  
  30  4:27  Barracks  
  30  4:28  SCV  
  31  4:32  SCV  
  32  4:39  Refinery  
  32  4:40  SCV  
  32  4:44  Engineering Bay  
  33  4:46  SCV  
  33  4:49  Liberator  
  33  4:51  Barracks Tech Lab, Barracks Reactor  
  33  4:52  SCV  
  35  4:54  Siege Tank  
  38  5:05  SCV  
  42  5:08  SCV  
  43  5:17  SCV  
  43  5:20  SCV  
  45  5:23  Marauder  
  45  5:26  Cyclone  
  50  5:29  Marine x2  
  50  5:34  Supply Depot  
  52  5:36  SCV  
  52  5:38  SCV  
  52  5:40  Refinery  
  54  5:44  Barracks Reactor  
  54  5:47  Marauder, Marine  
  54  5:48  SCV  
  58  5:53  Marine  
  58  5:55  Command Center  
  59  6:00  SCV  
  59  6:01  SCV  
  61  6:05  Starport Reactor  
  61  6:08  Sensor Tower  
  61  6:09  Terran Infantry Armor Level 1  
  61  6:12  SCV  
  61  6:14  SCV  
  63  6:24  SCV  
  64  6:27  SCV  
  64  6:31  Armory  
  65  6:36  SCV  
  66  6:41  Sensor Tower  
  66  6:47  Viking  
  60  7:20  Liberator x2  
  59  7:30  SCV x2  
  59  7:35  Marine x2  
  59  7:36  Marine x2  
  64  7:37  Siege Tank  
  64  7:42  SCV x2  
  75  7:54  SCV x2  
  77  8:06  SCV x2, Terran Infantry Weapons Level 2  
  77  8:07  Command Center  
  77  8:09  Barracks  
  77  8:11  Barracks  
  79  8:13  Orbital Command  
  79  8:14  Marine x2  
  79  8:15  Marine  
  79  8:16  Siege Tank  
  85  8:27  Sensor Tower  
  85  8:43  Terran Infantry Armor Level 2  
  85  8:45  Refinery  
  85  8:50  SCV x3, Marine x3  
  85  8:54  Marine  
  92  8:57  Siege Tank  
  92  9:02  Stimpack  
  95  9:03  SCV x2  
  95  9:05  SCV  
  98  9:11  Supply Depot  
  98  9:14  Terran Vehicle And Ship Armor Level 1  
  98  9:15  SCV, Marine x2  
  101  9:18  Marauder  
  103  9:33  SCV x2, Barracks x2  
  103  9:34  SCV  
  103  9:35  Orbital Command  
  106  9:40  Barracks, Marine x3  
  106  9:41  Marauder  
  110  9:45  SCV x2  
  110  9:50  SCV  
  107  9:56  Liberator x2  
  107  9:57  SCV  
  108  10:01  Missile Turret  
  108  10:02  Marauder  
  110  10:10  Marine  
  110  10:11  Marine x2  
  110  10:13  Siege Tank  
  122  10:14  SCV  
  123  10:21  Missile Turret  
  123  10:22  Missile Turret  
  123  10:23  Missile Turret  
  123  10:24  SCV  
  124  10:51  SCV x2, Marauder, Marine x3  
  131  11:05  Marine  
  131  11:07  Combat Shields, Orbital Command  
  131  11:08  Barracks Tech Lab  
  131  11:09  Barracks Reactor  
  131  11:13  Marauder  
  131  11:15  Sensor Tower  
  133  11:22  Marine  
  134  11:31  Missile Turret  
  134  11:32  Missile Turret  
  134  11:34  Marauder  
  114  11:45  Marine  
  80  11:48  Marine  
  80  11:49  Marine x8  
  80  11:51  Missile Turret  
  80  11:53  Missile Turret  
  77  11:56  Marauder  
  82  12:03  Marine  
  82  12:06  Marine  
  82  12:07  Marauder, Marine x4  
Show
View Real Time Build Order
Export as new Build Order

MonstroTown Terran - Winner!

Build Orders: Reaper Expand, MMM Bio 

Get SALT Encoding   

  12  0:01  SCV  
  13  0:13  SCV  
  14  0:18  Supply Depot  
  14  0:25  SCV  
  15  0:40  SCV  
  15  0:41  Barracks  
  16  0:46  Refinery  
  16  0:52  SCV  
  17  1:04  SCV  
  18  1:16  SCV  
  19  1:30  Reaper  
  20  1:35  Command Center  
  20  1:43  Orbital Command  
  20  1:58  Supply Depot  
  20  2:02  Barracks Reactor  
  20  2:09  Barracks  
  20  2:12  SCV  
  21  2:24  SCV  
  22  2:33  Factory  
  22  2:36  SCV  
  24  2:52  Orbital Command  
  23  2:58  Engineering Bay  
  23  3:00  Engineering Bay, Refinery  
  23  3:02  Barracks Tech Lab  
  23  3:04  Marine  
  24  3:08  SCV  
  25  3:15  Marine  
  28  3:20  Hellion  
  28  3:22  Marauder  
  30  3:28  SCV  
  30  3:29  SCV  
  32  3:40  Marine  
  32  3:41  Marine  
  33  3:51  Marine  
  33  3:52  Factory Tech Lab  
  34  4:02  Starport, Marine x2  
  36  4:04  Barracks  
  36  4:13  SCV x2  
  38  4:21  Siege Tank  
  41  4:25  SCV x2, Terran Infantry Weapons Level 1  
  43  4:32  Missile Turret  
  43  4:35  Terran Infantry Armor Level 1  
  43  4:36  Marine  
  43  4:37  SCV, Marine  
  46  4:44  Refinery  
  46  4:45  Refinery  
  46  4:49  Supply Depot  
  46  4:52  SCV  
  47  4:53  SCV  
  47  4:56  Barracks Reactor  
  48  5:01  Marine x2  
  48  5:06  Medivac  
  52  5:07  Marine  
  52  5:09  SCV  
  52  5:11  SCV  
  55  5:16  Supply Depot  
  55  5:21  SCV  
  55  5:25  Stimpack  
  56  5:32  Marine  
  56  5:33  Marauder, Marine x2  
  56  5:34  Marine  
  62  5:52  Siege Tank  
  62  5:54  Starport Reactor  
  62  5:55  Marine x3  
  62  5:56  Marine  
  69  6:13  Marine  
  69  6:18  Supply Depot x2  
  70  6:39  SCV x2, Marine x4  
  78  6:40  Marauder  
  78  6:50  Siege Tank, Medivac x2  
  78  6:51  SCV  
  86  7:11  Marine  
  84  7:20  Marine x2  
  84  7:21  Marine  
  85  7:30  Supply Depot x3  
  85  7:31  Barracks  
  85  7:32  SCV  
  85  7:33  Armory  
  85  7:34  Barracks  
  86  7:39  SCV  
  85  7:52  Marauder, Marine  
  85  7:53  Marine x2  
  85  7:55  Marine  
  85  7:57  Medivac x2  
  95  7:58  Command Center  
  95  8:09  Siege Tank  
  95  8:10  Marine  
  99  8:21  Supply Depot  
  99  8:22  Supply Depot  
  99  8:29  Marine x4  
  105  8:36  Barracks Tech Lab  
  105  8:37  Barracks Reactor  
  105  8:38  Combat Shields  
  103  8:48  Marine x5  
  108  8:56  Marine  
  108  8:57  Siege Tank  
  112  9:06  Marine x2  
  112  9:09  Marine x2  
  115  9:12  Marauder  
  115  9:13  Missile Turret, Medivac  
  115  9:15  Orbital Command  
  120  9:21  Marine  
  121  9:26  Marine x2  
  121  9:27  Marine x2  
  121  9:28  Medivac  
  121  9:29  Command Center  
  121  9:31  Marine  
  128  9:34  SCV  
  128  9:36  Terran Infantry Weapons Level 2  
  129  9:40  Marine x3  
  129  9:42  SCV x2  
  129  9:44  Marine  
  135  9:47  Refinery  
  135  9:52  Marine x2  
  135  9:53  Marauder, Refinery, Marine  
  140  10:07  Supply Depot  
  140  10:08  Supply Depot  
  140  10:09  Supply Depot  
  140  10:15  Marine  
  141  10:23  Supply Depot x2, Concussive Shells  
  141  10:28  Marine x5  
  141  10:29  Siege Tank  
  141  10:32  Marine x2  
  141  10:33  Medivac  
  141  10:34  Medivac  
  155  10:38  SCV x2  
  155  10:39  SCV  
  158  10:44  Missile Turret  
  158  10:46  Supply Depot  
  158  10:47  Supply Depot  
  158  10:54  SCV x3  
  161  10:57  Orbital Command  
  161  11:00  Marine  
  161  11:01  Marauder, Marine x2  
  161  11:02  Marauder, Marine x2  
  170  11:08  Marine  
  170  11:10  Siege Tank  
  174  11:23  Marauder  
  167  11:57  Orbital Command  
Show
View Real Time Build Order
Export as new Build Order

Michael Zerg - Winner!

Build Orders: Hatch First 

Get SALT Encoding   

  12  0:01  Drone  
  13  0:12  Overlord  
  13  0:18  Drone  
  14  0:31  Drone x2  
  14  0:34  Drone  
  17  0:46  Drone  
  18  0:59  Hatchery  
  18  1:01  Drone  
  18  1:08  Extractor  
  17  1:17  Spawning Pool  
  16  1:20  Drone  
  16  1:24  Drone  
  18  1:28  Drone  
  19  1:40  Drone  
  20  1:49  Overlord  
  20  2:04  Queen  
  20  2:08  Metabolic Boost  
  22  2:11  Queen  
  22  2:12  Zergling x2  
  22  2:14  Zergling x2  
  26  2:18  Zergling x2  
  26  2:21  Drone  
  28  2:24  Drone  
  29  2:34  Drone x2  
  27  2:59  Roach Warren  
  27  3:01  Drone x2  
  27  3:02  Drone  
  27  3:03  Drone  
  29  3:17  Zergling x8  
  32  3:24  Queen  
  34  3:27  Drone  
  34  3:30  Drone  
  36  3:38  Queen  
  34  3:54  Zergling x2  
  34  3:55  Zergling x2  
  36  3:56  Overlord  
  36  4:05  Extractor, Overlord, Evolution Chamber  
  36  4:06  Overlord  
  34  4:21  Drone x7  
  40  4:41  Overlord  
  40  4:43  Zerg Ground Armor Level 1  
  40  4:50  Drone  
  41  4:55  Drone, Hatchery  
  41  4:56  Drone x2  
  41  4:58  Drone  
  44  5:01  Extractor  
  44  5:02  Extractor  
  44  5:05  Spore Crawler  
  41  5:10  Lair  
  41  5:16  Drone  
  41  5:17  Drone x2  
  41  5:19  Drone  
  45  5:27  Roach x2  
  45  5:28  Roach  
  51  5:30  Roach  
  53  5:51  Roach  
  53  5:52  Roach x5  
  53  5:56  Drone  
  66  6:10  Zergling x10  
  71  6:11  Overlord  
  71  6:12  Overlord x2  
  71  6:28  Queen  
  71  6:30  Drone x2  
  75  6:35  Drone, Spine Crawler  
  75  6:36  Drone x7  
  75  6:38  Drone  
  83  6:48  Drone x3  
  86  6:55  Drone x2  
  84  7:14  Spire  
  83  7:17  Zerg Ground Armor Level 2  
  83  7:19  Glial Reconstitution  
  83  7:27  Extractor x2, Drone x4  
  83  7:28  Drone  
  83  7:29  Drone x3  
  89  7:40  Overlord x4  
  89  7:41  Overlord x2  
  89  8:11  Drone x3  
  92  8:30  Infestation Pit  
  92  8:31  Mutalisk x7  
  105  8:36  Mutalisk  
  107  8:55  Zergling x10  
  109  8:56  Hatchery, Zergling x22  
  122  9:12  Mutalisk x4  
  118  10:13  Hydralisk Den  
  113  10:16  Hive  
  113  10:24  Zerg Missile Weapons Level 1  
  113  10:30  Evolution Chamber  
  113  10:31  Zerg Flyer Armor Level 1  
  112  10:40  Queen  
  112  10:41  Drone x4  
  112  10:42  Drone x5  
  123  10:43  Drone x2  
  125  10:52  Hydralisk x6  
  125  10:53  Hydralisk x3  
  125  10:55  Overlord x8  
  125  10:56  Overlord x3  
  125  10:57  Overlord x2  
  143  10:58  Overseer x2  
  143  10:59  Overseer  
  143  11:17  Hydralisk x11  
  143  11:18  Hydralisk  
  165  11:22  Zergling x10  
  172  11:29  Hatchery  
  137  11:48  Hydralisk x2  
  137  11:49  Hydralisk x6  
  137  11:52  Zergling x16  
Tags
 
Add a new tag
Caveats
  • Supply blocks, unpowered buildings, or Contaminate may cause inaccurate times.
  • Supply counts are checked every 10 seconds.